 Dungeon Crawl Stone Soup version 0.26.1-11-gd32895ea62 (webtiles) character file.

Game seed: 6277122196022111664

2744 Zeld the Slicer (level 9, -3/57 HPs)
             Began as an Octopode Brigand on May 12, 2021.
             Was a Follower of Fedhas.
             Slain by a gnoll sergeant
             ... wielding a +0 spear
              (14 damage)
             ... on level 7 of the Dungeon.
             The game lasted 00:16:21 (15872 turns).

Zeld the Slicer (Octopode Brigand)                 Turns: 15872, Time: 00:16:26

Health: -3/57      AC:  1    Str: 13    XL:     9   Next: 68%
Magic:  11/11      EV: 14    Int: 14    God:    Fedhas [*.....]
Gold:   187        SH:  5    Dex: 13    Spells: 8/8 levels left

rFire    + + +     SeeInvis +   i - +2 dagger "Onyloes" {vorpal, *Slow rF++ SInv}
rCold    . . .     Faith    .   e - +0 buckler
rNeg     . . .     Spirit   .   (helmet restricted)
rPois    .         Reflect  .   (no amulet)
rElec    .         Harm     .   (no ring)
rCorr    .         Rampage  .   C - ring of protection from fire
Will     +....                  (no ring)
Stlth    ++++......             s - ring of willpower
HPRegen  0.19/turn              (no ring)
MPRegen  0.12/turn              (no ring)
                                (no ring)
                                (no ring)

@: about to teleport
A: almost no armour, stealthy swim, amphibious, 8 rings, constrict 8, camouflage
1, gelatinous body 1
a: Renounce Religion


You were on level 7 of the Dungeon.
You worshipped Fedhas.
Fedhas was aware of your devotion.
You visited 2 branches of the dungeon, and saw 8 of its levels.
You also visited: Ossuary.

You collected 362 gold pieces.
You spent 175 gold pieces at shops.

Inventory:

Hand Weapons
 a - a +2 dagger
 i - the +2 dagger "Onyloes" (weapon) {vorpal, *Slow rF++ SInv}
   (You bought it in a shop on level 6 of the Dungeon)

   It inflicts extra damage upon your enemies.
   It greatly protects you from fire.
   It lets you see invisible.
   It may slow you when you take damage.
Missiles
 b - 20 poisoned darts (quivered)
Armour
 e - a +0 buckler (worn)
Jewellery
 s - a ring of willpower (on tentacle)
 C - a ring of protection from fire (right tentacle)
Wands
 c - a wand of iceblast (7)
 j - a wand of polymorph (14)
 k - a wand of enslavement (5)
 l - a wand of digging (7)
Scrolls
 f - 3 scrolls of remove curse
 g - a scroll of fear
 u - 4 scrolls of amnesia
 y - a scroll of magic mapping
 F - 3 scrolls of enchant armour {unknown}
Potions
 h - 2 potions of brilliance
 o - 3 potions of mutation {unknown}
 q - 2 potions of degeneration {unknown}
 r - 4 potions of lignification {unknown}
 v - 4 potions of flight {unknown}
 w - 3 potions of ambrosia {unknown}
 x - a potion of berserk rage {unknown}
 z - a potion of haste {unknown}


   Skills:
 * Level 3.3 Fighting
 - Level 10.0 Short Blades
 - Level 6.0 Throwing
 * Level 2.7 Dodging
 - Level 5.3 Stealth
 - Level 4.0 Shields
 * Level 2.6 Invocations


You had 8 spell levels left.
You didn't know any spells.
Your spell library contained the following spells:

 Spells                   Type           Power        Failure   Level
 Animate Skeleton         Necr           0%           28%         1
 Pain                     Necr           0%           28%         1
 Conjure Flame            Conj/Fire      0%           65%         3
 Sticky Flame             Conj/Fire      0%           96%         4
 Borgnjor's Vile Clutch   Necr/Erth      0%           100%        5
 Starburst                Conj/Fire      0%           100%        6


Dungeon Overview and Level Annotations

Branches:
Dungeon (7/15)             Temple (1/1) D:6         Ossuary (visited)

Altars:
Ashenzari
Cheibriados
Dithmenos
Fedhas
Gozag
Hepliaklqana
Kikubaaqudgha
Makhleb
Nemelex Xobeh
Okawaru
Qazlal
Ru
Trog
Uskayaw
Vehumet
Wu Jian
Yredelemnul
The Shining One

Shops:
D:6 (


Innate Abilities, Weirdness & Mutations

You cannot wear most types of armour.
You are very stealthy in the water. (Stealth+)
You are amphibious.
You can wear up to eight rings at the same time.
You can use your tentacles to constrict eight enemies at once.
Your skin changes colour to match your surroundings (Stealth+).
Your rubbery body absorbs attacks. (AC +1, EV +1)


Message History

You grab the water moccasin zombie. You squeeze the water moccasin zombie!
The water moccasin zombie is moderately damaged.
You constrict the water moccasin zombie.
The water moccasin zombie closely misses you.
The ufetubus closely misses you. The ufetubus hits you.
* * * LOW HITPOINT WARNING * * *
You feel better.
You constrict the water moccasin zombie.
The ufetubus hits you. The ufetubus misses you.
The gnoll sergeant hits you from afar with a +0 spear!
The water moccasin zombie bites you!
* * * LOW HITPOINT WARNING * * *
Unknown command.
It was a potion of magic.
Magic courses through your body.
You constrict the water moccasin zombie.
The ufetubus misses you. You block the ufetubus's attack.
The water moccasin zombie barely misses you.
The gnoll sergeant hits you from afar with a +0 spear!
You die...
Fedhas appreciates your contribution to the ecosystem.

#.###..........#
#..c...(.(.....##
#####((((.......
#.............#.
..###...........##
...##.#####.###..##
#
##...............g.
.##
##...######.####Z##
.... #..### #.# #@#
##.... #.## #.#
#5##.F.# #.#
######.####F#..#.# .
..#
#..........Bh.##.#.#
###
#+####.#####Z##....#
### #.# #.##.#.# ..#
#.# #......# ### #.#
#.....## # #.#
##.†..###.


You could see a gnoll sergeant, a bullfrog, a howler monkey, a worker ant, an
ufetubus, a water moccasin zombie and a centaur zombie.

Vanquished Creatures
  Sigmund (D:4)
  Edmund (D:5)
  An orc warrior (D:6)
  A black bear (D:6)
  Purgy (D:4)
  4 ice beasts
  A sky beast (D:7)
  An ogre (D:4)
  A phantom (D:6)
  A centaur (D:7)
  2 bullfrogs (D:6)
  8 scorpions
  6 howler monkeys
  3 centaur zombies (Ossuary)
  2 human zombies (Ossuary)
  A jelly (D:5)
  3 orc priests (D:6)
  2 orc wizards (D:6)
  4 worker ants
  2 big kobold zombies (Ossuary)
  4 hound zombies
  3 mummies (Ossuary)
  3 scorpion zombies (Ossuary)
  6 adders
  A shadow imp (D:6)
  2 white imps
  An adder zombie (D:7)
  A worm (D:3)
  2 dart slugs (D:2)
  2 leopard geckos
  21 orcs
  2 ball pythons (D:1)
  3 bats
  3 giant cockroaches
  2 gnoll zombies (Ossuary)
  7 hobgoblins
  6 jackals
  4 quokkas
  6 frilled lizards
  3 goblins
  A goblin zombie (Ossuary)
  A hobgoblin zombie (Ossuary)
  6 kobolds
  A kobold zombie (Ossuary)
  A quokka skeleton (D:6)
  10 rats
  A spectral orc (D:3)
149 creatures vanquished.

Vanquished Creatures (collateral kills)
  2 orc priests
  An orc wizard (D:5)
  4 orcs
7 creatures vanquished.

Vanquished Creatures (others)
  A worm (D:3)
  An orc (D:3)
  A gnoll zombie (Ossuary)
3 creatures vanquished.

Grand Total: 159 creatures vanquished

Notes
Turn   | Place    | Note
-------+----------+-------------------------------------------
     0 | D:1      | Zeld the Octopode Brigand began the quest for the Orb.
     0 | D:1      | Reached XP level 1. HP: 14/14 MP: 1/1
     2 | D:1      | Noticed a demonspawn
     4 | D:1      | Noticed a vampire
     6 | D:1      | Noticed a draconian
     6 | D:1      | Noticed a felid
     8 | D:1      | Noticed an elf
     8 | D:1      | Noticed a demigod
    10 | D:1      | Noticed a ghoul
    10 | D:1      | Noticed a minotaur
    12 | D:1      | Noticed a troll
    14 | D:1      | Noticed a dwarf
    14 | D:1      | Noticed an ogre
    16 | D:1      | Noticed an octopode
    16 | D:1      | Noticed a tengu
    18 | D:1      | Noticed a halfling
    18 | D:1      | Noticed a formicid
    20 | D:1      | Noticed a centaur
    20 | D:1      | Noticed a naga
    22 | D:1      | Noticed a human
    22 | D:1      | Noticed a vine stalker
    24 | D:1      | Noticed a spriggan
    27 | D:1      | Noticed a merfolk
    27 | D:1      | Noticed a gargoyle
   315 | D:3      | Reached XP level 2. HP: 19/19 MP: 2/2
   754 | D:4      | Noticed Purgy
   760 | D:4      | Found an opulent altar of Gozag.
   840 | D:4      | Noticed an ogre
  1052 | D:4      | Noticed Sigmund
  1107 | D:4      | Reached XP level 3. HP: 24/24 MP: 3/3
  1377 | D:5      | Entered Level 5 of the Dungeon
  1379 | D:5      | Reached XP level 4. HP: 29/29 MP: 4/4
  1449 | D:5      | Found a sand-covered staircase.
  1455 | Ossuary  | Entered an ossuary
  1742 | Ossuary  | Reached skill level 5 in Throwing
  1742 | Ossuary  | Reached XP level 5. HP: 14/34 MP: 5/5
  3154 | Ossuary  | Reached XP level 6. HP: 39/39 MP: 6/6
  3196 | Ossuary  | Reached skill level 3 in Short Blades
  4642 | Ossuary  | Reached skill level 4 in Short Blades
  4681 | Ossuary  | Reached XP level 7. HP: 15/45 MP: 7/7
  4975 | Ossuary  | Reached skill level 5 in Short Blades
  6121 | D:5      | Reached skill level 6 in Short Blades
  6177 | D:3      | Found a basalt altar of Yredelemnul.
  7219 | D:2      | Found a snail-covered altar of Cheibriados.
  7537 | D:2      | Found an ornate altar of the Wu Jian Council.
  8078 | D:3      | Found a radiant altar of Vehumet.
  9340 | D:4      | Killed Sigmund
  9341 | D:4      | Reached skill level 7 in Short Blades
  9341 | D:4      | Reached XP level 8. HP: 31/50 MP: 8/8
  9880 | D:4      | Killed Purgy
 10068 | D:5      | Reached skill level 8 in Short Blades
 10762 | D:5      | Found a hazy altar of Hepliaklqana.
 11033 | D:5      | Found a sacrificial altar of Ru.
 11059 | D:6      | Noticed Edmund
 11467 | D:6      | Reached skill level 9 in Short Blades
 12289 | D:6      | Found a staircase to the Ecumenical Temple.
 12333 | Temple   | Entered the Ecumenical Temple
 12421 | Temple   | Became a worshipper of Fedhas Madash
 12821 | D:6      | Reached XP level 9. HP: 45/54 MP: 9/9
 12947 | D:6      | Found an ancient bone altar of Kikubaaqudgha.
 12953 | D:6      | Found a burning altar of Makhleb.
 13000 | D:6      | Reached skill level 10 in Short Blades
 13276 | D:5      | Killed Edmund
 14189 | D:6      | Found Caalo's Antique Weapon Shoppe.
 14197 | D:6      | Bought a fine dagger for 175 gold pieces
 14197 | D:6      | Identified the cursed +2 dagger "Onyloes" {vorpal, *Slow
                  | rF++ SInv} (You bought it in a shop on level 6 of the
                  | Dungeon)
 14397 | D:6      | Reached * piety under Fedhas
 14752 | D:7      | Reached skill level 1 in Invocations
 15790 | D:7      | Identified the Tome of Evil and Ignition
 15872 | D:7      | Slain by a gnoll sergeant

Illustrated notes

Levels and vault maps discovered:
D:1:      kb_arrival_jail, layout_basic, chequers_arboretum,
          minmay_tree_intersection, minmay_indecisive_spiral
D:2:      mumra_celtic_spiral_tile, layout_rooms, lemuel_doored_altar,
          lemuel_crystal_altar
D:3:      layout_basic, fiery_altar_vehumet, yredelemnul_forgotten_temple_becter
D:4:      layout_loops_ring, kennysheep_mini, abandoned_shop, uniq_sigmund,
          uniq_purgy
D:5:      layout_loops_ring, general_overflow_altar, kennysheep_mini_moat,
          enter_ossuary_5
D:6:      layout_basic, amethyst_overflow_temple_binary,
          minmay_temple_entry_glassed_door, serial_shops, shop_fountains,
          uniq_edmund
D:7:      layout_rooms, lemuel_round_altar, tso_altar
Temple:   nicolae_temple_figure_zero

Skill      XL: |  1  2  3  4  5  6  7  8  9 |
---------------+----------------------------+-----
Throwing       | 3 4 5 6 |  6.0
Short Blades   | 4 7 9 10 | 10.0
Shields        | 4 |  4.0
Invocations    | 2 |  2.6
Dodging        | 2 |  2.7
Fighting       | 3 |  3.3
Stealth        | |  5.3

Action                   |  1- 3 |  4- 6 |  7- 9 || total
-------------------------+-------+-------+-------++-------
Melee: Dagger            |    20 |    98 |   403 ||   521
       Constrict         |     4 |    15 |    65 ||    84
       Tentacles         |     4 |    31 |    97 ||   132
Throw: Dart              |       |       |    31 ||    31
Evoke: Wand              |       |       |     6 ||     6
  Use: Scroll            |       |     3 |    12 ||    15
       Potion            |       |       |     6 ||     6
 Stab: Sleeping          |     6 |     3 |    30 ||    39
       Distracted        |       |     1 |     1 ||     2
Armor: Skin              |       |     4 |    16 ||    20
Dodge: Dodged            |     7 |    47 |   178 ||   232
Block: Buckler           |       |       |    12 ||    12
